[Event "Swedish-ch MK-Elit 2022"]
[Site "Uppsala"]
[Date "2022.07.04"]
[Round "3.1"]
[White "Engqvist, Thomas"]
[Black "Furhoff, Johan"]
[Result "1-0"]
[ECO "C68"]
[WhiteElo "2330"]
[BlackElo "2348"]
[Annotator "TA"]
[PlyCount "97"]
[EventDate "2022.07.01"]
[EventType "tourn"]
[EventCountry "SWE"]
[SourceTitle "playchess.com"]
[Source "ChessBase"]
[SourceQuality "1"]
[TimeControl "40/5400+30:1800+30"]

1. e4 e5 2. Nf3 Nc6 3. Bb5 a6 4. Bxc6 dxc6 5. d3 Bd6 6. Be3 Ne7 {[%emt 0:01:41] C68: Ruy Lopez: Exchange Variation, sidelines.} 7. d4 {[%emt 0:01:27] [#]} exd4 $146 ({Predecessor:} 7... Ng6 8. dxe5 Nxe5 9. Nxe5 Bxe5 10. Qxd8+ Kxd8 11. Nc3 Be6 12. O-O-O+ Ke7 {0-1 (37) Martinez Reyes,P (2406)-Aradhya,G (2236) Chess.com INT 2021}) 8. Bxd4 (8. Qxd4 $11 O-O 9. Nbd2) 8... f6 {[%emt 0:01:47] Black is slightly better.} 9. Nbd2 c5 10. Be3 b5 (10... Be6 $15) 11. c4 Be6 12. Qe2 O-O 13. O-O Ng6 14. cxb5 axb5 15. Qxb5 Rb8 16. Qa6 Rxb2 17. Bxc5 Qa8 $1 18. Qxa8 Rxa8 19. Bxd6 cxd6 20. a3 Ra4 21. Rfc1 Nf4 22. Rc6 g5 {[%emt 0:00:58] Threatens to win with ...g4.} 23. Rxd6 {[%emt 0:01:41] With the idea g3.} g4 24. Nh4 Kf7 {[%emt 0:02:36] And now ...Ke7 would win.} 25. Nf1 Rxe4 26. Rd2 Re2 27. Rxb2 Rxb2 28. Ne3 Ne2+ 29. Kf1 Nc3 30. Rc1 Rb3 31. Ra1 Rb2 32. a4 Bc8 33. a5 h5 34. Nhf5 Ba6+ $1 35. Kg1 Ne4 {[%emt 0:02:30] [#]} (35... Ne2+ $11 36. Kh1 Nf4) 36. Nd5 $1 $16 Bb7 (36... Nd2 $16) 37. Nc7 $18 {[%emt 0:00:18] Pair of Knights!} Nxf2 $2 {[%emt 0:03:35] [#]} (37... Kg6) 38. Nd6+ $1 Kg6 39. Nxb7 Rxb7 40. Kxf2 {[%emt 0:00:55][%cal Oa5a6] aiming for a6!} Rxc7 {[%emt 0:00:10][%mdl 4096] Endgame KR-KR} 41. a6 {[%emt 0:30:03] Strongly threatening a7.} Ra7 42. Ke3 Kg5 43. Ra5+ Kh4 (43... f5 $18 44. Kd4 Kh4) 44. g3+ Kh3 45. Kf2 {[%emt 0:00:00][%cal Ra5h5] White mates.} f5 46. Rxf5 h4 47. Rh5 Rf7+ 48. Kg1 Rh7 49. Rxh4+ $2 {[%emt 0:00:00] Weighted Error Value: White=0.19 (very precise) /Black=0.50} (49. a7 {mates} Rxh5 50. a8=Q hxg3 51. Qa3 Kh4 52. Qe7+ Rg5 53. hxg3+ Kxg3 54. Qxg5) 1-0

[Event "Swedish-ch MK-Elit 2022"]
[Site "Uppsala"]
[Date "2022.07.04"]
[Round "3.2"]
[White "Wiedenkeller, Michael"]
[Black "Ernst, Thomas"]
[Result "1-0"]
[ECO "A45"]
[WhiteElo "2437"]
[BlackElo "2289"]
[Annotator "TA"]
[PlyCount "53"]
[EventDate "2022.07.01"]
[EventType "tourn"]
[EventCountry "SWE"]
[SourceTitle "playchess.com"]
[Source "ChessBase"]
[SourceQuality "1"]
[TimeControl "40/5400+30:1800+30"]

1. d4 Nf6 2. Bg5 Ne4 3. Bf4 c5 4. f3 Qa5+ 5. c3 Nf6 6. d5 Qb6 7. Bc1 e6 8. e4 exd5 9. exd5 Bd6 {[%emt 0:00:36] A45: Trompowsky Attack.} 10. Na3 $1 {[%emt 0:10:09] The main line 10.Na3 scores better than 10.c4.} O-O 11. Bd3 Re8+ {[%emt 0:06:46] The position is equal.} 12. Ne2 Bf8 13. Nc4 Qc7 (13... Qd8 $5 ) 14. d6 {[%emt 0:13:50] [#]} Qc6 $146 {[%emt 0:00:18] [#]} ({Predecessor:} 14... Qd8 15. a4 h6 16. O-O b6 17. Ng3 Ba6 18. Rb1 Nc6 19. b4 cxb4 20. cxb4 b5 {0-1 (44) Manarin,F (1915)-Vajas,S (2061) ICCF email 2015}) 15. a4 {[%emt 0:08:23] White is more active.} b6 {[%emt 0:01:52] [#]} (15... Re6 $16 {might work better.}) 16. Bg5 $1 $18 Ba6 {[%emt 0:02:31] White must now prevent ...Qd5.} 17. Bxf6 gxf6 18. O-O Kh8 19. Ng3 {[%emt 0:11:31][%cal Od3b1] Bb1! is the strong threat.} Bxc4 20. Bxc4 Qxd6 21. Bxf7 Qxd1 22. Raxd1 Re7 (22... Rd8 {was necessary.} 23. f4 Nc6) 23. Bd5 Nc6 24. Be4 Rb8 25. Nf5 Re5 26. Rxd7 Ne7 $2 (26... Re6 27. Rfd1 a6) 27. Nd6 {[%emt 0:02:39] Black got outplayed after the opening.  Weighted Error Value: White=0.05 (flawless) /Black=0.29 (precise)} 1-0

[Event "Swedish-ch MK-Elit 2022"]
[Site "Uppsala"]
[Date "2022.07.04"]
[Round "3.3"]
[White "Trost, Edvin"]
[Black "Johansson, Jan"]
[Result "0-1"]
[ECO "A50"]
[WhiteElo "2345"]
[BlackElo "2306"]
[Annotator "TA"]
[PlyCount "76"]
[EventDate "2022.07.01"]
[EventType "tourn"]
[EventCountry "SWE"]
[SourceTitle "playchess.com"]
[Source "ChessBase"]
[SourceQuality "1"]
[TimeControl "40/5400+30:1800+30"]

1. d4 Nf6 2. c4 e6 3. Bf4 c5 4. d5 b5 5. Nf3 exd5 6. cxd5 {[%emt 0:01:12] Threatens to win with d6. A50: Queen's Fianchetto Defence (1 d4 Nf6 2 c4 b6).} Bb7 7. e4 {[%emt 0:07:32] [#]} Qe7 $146 (7... Nxe4 $11 {remains equal.} 8. Bxb5 Qa5+ 9. Nfd2 Bd6) ({Predecessor:} 7... Nxe4 8. Nc3 Nxc3 9. bxc3 Qa5 10. Qd2 Be7 11. Rb1 a6 12. c4 Qxd2+ 13. Nxd2 f5 {½-½ (27) Beradze,I (2425)-Abasov,N (2571) Nakhchivan 2016}) 8. Be3 {[%emt 0:12:32] White is better.} Qxe4 (8... a6 $16 {was worth a try.}) 9. Nc3 $18 Qb4 {[%emt 0:19:43] [#]} 10. Qe2 $1 {[%emt 0:10:24] aiming for Bxc5+.} Be7 11. d6 (11. a3 $18 Qc4 12. Qd1 (12. Qxc4 bxc4 13. Bxc4 d6 $14)) 11... Ne4 $16 {[%emt 0:04:25] [#]} (11... Bxf3 $2 12. gxf3 Nc6 13. O-O-O $18) 12. Bd2 (12. dxe7 $6 Nxc3 13. Qd2 Nd5 $11) (12. Bxc5 $1 $16 Qxc5 13. Nxe4 Qb4+ 14. Nfd2 Bxe4 15. Qxe4 Qxe4+ 16. Nxe4) 12... Nxd6 $11 {[%emt 0:02:29] [#]} (12... Qxb2 $2 13. Rb1 Qxb1+ 14. Nxb1 Nxd6 15. Bf4 $18) 13. Nd5 $1 Qe4 14. Qxe4 Nxe4 15. Nc7+ Kd8 $1 16. Nxa8 Bxa8 17. Ba5+ Kc8 18. Bxb5 Bf6 19. Rb1 (19. Bd3 $5 ) 19... Nc6 20. Bxc6 Bxc6 21. O-O Kb7 22. Rfc1 Ka6 (22... Re8 $11) 23. Bc7 (23. Bc3 $14) 23... Re8 24. Bf4 Kb5 25. Re1 Re6 {[%emt 0:00:26][%mdl 1024] Black has compensation.} 26. Re2 a5 27. Rbe1 a4 28. Bc1 d5 29. a3 d4 30. Nd2 Nxd2 {[%emt 0:00:20] Black is more active.} 31. Bxd2 $4 {[%emt 0:01:06][%mdl 8192] This move loses the game for White.} (31. Rxe6 $17 Nf3+ 32. gxf3 fxe6 33. Rxe6) 31... Rxe2 $19 {[%emt 0:00:23] Black is clearly winning.} 32. Rxe2 $17 {[%emt 0:00:00][%mdl 4096] Endgame KRB-KB} Kc4 33. Bf4 Kb3 {[%emt 0:00:34] And now ...d3 would win.} 34. Bd6 c4 35. Bb4 d3 {[%emt 0:00:29][%csl LRb2,LRe2][%mdl 64] Deflection} 36. Re3 Bxb2 37. Kf1 Bxa3 {[%emt 0:01:30] This bishop pair is nice.} 38. Bd2 Bb2 {[%emt 0:00:45] Weighted Error Value: White=0.85/Black=0.11 (very precise)} 0-1

[Event "Swedish-ch MK-Elit 2022"]
[Site "Uppsala"]
[Date "2022.07.04"]
[Round "3.4"]
[White "Andersson, Tommy"]
[Black "Von Bahr, Oskar"]
[Result "1/2-1/2"]
[ECO "A37"]
[WhiteElo "2384"]
[BlackElo "2386"]
[Annotator "TA"]
[PlyCount "133"]
[EventDate "2022.07.01"]
[EventType "tourn"]
[EventCountry "SWE"]
[SourceTitle "playchess.com"]
[Source "ChessBase"]
[SourceQuality "1"]
[TimeControl "40/5400+30:1800+30"]

1. Nf3 c5 2. c4 Nc6 3. Nc3 g6 4. g3 Bg7 5. Bg2 d6 6. O-O Bf5 {[%emt 0:00:12] 6...e6 is becoming the main line.} 7. b3 {[%emt 0:02:56] A37: Symmetrical English vs ...g6: 4 Bg2 Bg7 5 Nf3.} Qd7 8. Bb2 $1 Bh3 9. Bxh3 {[%emt 0:18:22] White is slightly better.} Qxh3 {[%emt 0:00:12] [#]} 10. Rb1 $146 ({Predecessor:} 10. e3 Nh6 11. d4 O-O 12. Nd5 cxd4 13. exd4 Rad8 14. Qe2 Rfe8 15. Rfe1 Qc8 16. Rad1 {1-0 (37) Benidze,D (2478)-Yurtseven,M (2355) Izmir 2015}) 10... Nh6 11. Ng5 Qg4 12. f4 f6 13. Nd5 O-O 14. Ne4 Rad8 15. e3 Qxd1 (15... Qd7 {with more complications.} 16. Qc2 f5 17. Bxg7 Kxg7 18. Qc3+ Kg8) 16. Rfxd1 Nf7 17. Nc7 $1 {[%emt 0:03:58] Black must now prevent Ne6.} Rc8 (17... f5 $2 18. Bxg7 Kxg7 19. Ne6+ Kg8 20. Nc3 $18) 18. Ne6 {[%emt 0:00:07] White is much more active.} Rfe8 19. Nxg7 Kxg7 20. d4 cxd4 21. exd4 d5 22. Nc5 (22. cxd5 $11 Nb4 23. Nc3) 22... Nfd8 (22... Nd6 $15) 23. cxd5 (23. Rbc1 $14) 23... Nb4 $1 $15 24. a3 Nxd5 25. Rbc1 b6 26. Nd3 Nb7 27. Kf2 Na5 {[%emt 0:01:06] Pair of Knights!} 28. Rxc8 Rxc8 29. Rc1 {[%emt 0:00:03] Prevents Rc2+.} Rxc1 30. Nxc1 {[%emt 0:00:07][%mdl 4096] Endgame KBN-KNN} Kf7 31. Ke2 b5 32. Kd3 Ke6 33. Bc3 Nc6 34. Bd2 Kf5 {[%emt 0:01:21] Threatens to win with ...Kg4.} 35. h3 h5 36. Ne2 a6 {[%emt 0:01:55] The position is equal.} 37. Ng1 Ke6 38. g4 hxg4 39. hxg4 Nd8 40. Nf3 Nb7 41. Nh4 Kf7 42. f5 g5 43. Ng2 e6 44. fxe6+ Kxe6 45. Ke4 Nd6+ 46. Kf3 Nf7 47. Ne1 f5 48. Nd3 fxg4+ 49. Kxg4 Nf6+ 50. Kf3 Kf5 51. Nc5 g4+ 52. Kg2 Ne4 53. Be1 Nxc5 54. dxc5 $11 {[%emt 0:00:05] KB-KN} Ne5 55. b4 Nc4 56. Kg3 Nxa3 57. c6 {[%emt 0:00:07] [#] Intending c7 and mate.} Ke6 (57... Nc4 {seems wilder.} 58. c7 Nb6 59. Bf2 Nc8) 58. Kxg4 (58. c7 {is interesting.} Kd7 59. Kxg4 Nc2 60. Bc3) 58... Kd6 59. Kf4 $1 Kxc6 60. Ke4 Nc4 61. Kd4 Nb6 62. Bg3 Nd5 63. Be1 Nf4 64. Bd2 Ne6+ 65. Ke5 Ng7 66. Be1 Ne8 67. Kd4 {[%emt 0:00:58] Weighted Error Value: White=0.09 (flawless) /Black=0.08 (flawless)} 1/2-1/2

[Event "Swedish-ch MK-Elit 2022"]
[Site "Uppsala"]
[Date "2022.07.04"]
[Round "3.5"]
[White "Thorn, Eric"]
[Black "Cederstam, Carl"]
[Result "1-0"]
[ECO "D32"]
[WhiteElo "2366"]
[BlackElo "2332"]
[Annotator "TA"]
[PlyCount "85"]
[EventDate "2022.07.01"]
[EventType "tourn"]
[EventCountry "SWE"]
[SourceTitle "playchess.com"]
[Source "ChessBase"]
[SourceQuality "1"]
[TimeControl "40/5400+30:1800+30"]

1. d4 d5 2. c4 e6 3. Nc3 a6 4. cxd5 exd5 5. Bf4 Nf6 6. e3 c5 7. Nf3 Nc6 8. Be2 {[%emt 0:03:33] D32: Tarrasch Defence: Sidelines and lines without g3.} Be6 {[%emt 0:20:48] 8...c4 is becoming the main line.} 9. O-O h6 10. Ne5 {[%emt 0:03:24] [#] White is slightly better.} Qa5 $146 (10... Rc8 $14) ({Predecessor:} 10... Rc8 11. Nxc6 Rxc6 12. dxc5 Bxc5 13. Be5 O-O 14. Bf3 Nd7 15. Bd4 Nb6 16. Bxc5 Rxc5 {0-1 (59) Rustemov,A (2525)-Fedoseev,V (2701) Chess.com INT 2022}) 11. Qb3 $16 Qb4 12. Nxc6 {[%emt 0:00:39] White is more active.} bxc6 13. Qxb4 cxb4 14. Na4 Ne4 (14... Ra7 $16 {is a better defense.} 15. Rac1 Bd7) 15. Rfc1 $18 Bd7 16. f3 Nd6 17. Nc5 Nb5 18. a4 bxa3 19. bxa3 Bxc5 20. Rxc5 Ke7 21. a4 Nd6 22. Ra5 Rhb8 23. Rxa6 Rxa6 24. Bxa6 Ra8 25. Bxd6+ Kxd6 $16 {[%emt 0:00:01][%mdl 4096] Endgame KRB-KRB} 26. Bd3 c5 27. dxc5+ Kxc5 28. a5 Bc8 (28... Bb5 $16) 29. Kf2 $18 Kb4 30. a6 Kc5 31. Ra5+ Kd6 32. Ke2 (32. a7 $6 Kc7 $16) 32... Bd7 33. Kd2 ({Much less strong is} 33. a7 $6 Bc6 34. Kd2 Kc7 $16) 33... Rc8 $2 {[%emt 0:00:04] [#]} (33... Bc6 34. Kc3 Kc7) 34. a7 Bc6 (34... Ra8 {was called for.} 35. e4 Kc6 36. exd5+ (36. Rxd5 Be6 $16) 36... Kb7) 35. e4 dxe4 36. Bxe4 {[%emt 0:00:29] White is clearly winning.} Bxe4 (36... Rd8 $142 37. a8=Q Bxa8 38. Rxa8 Rd7) 37. fxe4 {[%emt 0:00:07] KR-KR} Ra8 38. Kd3 Kc6 39. Kc4 {[%emt 0:00:27] [#] Black must now prevent Ra6+.} Kb6 {[%emt 0:00:40] Inhibits Ra6+.} 40. Kb4 Kc6 41. Ra6+ Kc7 42. Kb5 Kb7 43. Ra1 {[%emt 0:00:00] Weighted Error Value: White=0.13 (very precise) /Black=0.37} (43. Rb6+ $142 Kc7 44. Ka6) 1-0

[Event "Swedish-ch MK-Elit 2022"]
[Site "Uppsala"]
[Date "2022.07.05"]
[Round "4.1"]
[White "Furhoff, Johan"]
[Black "Wiedenkeller, Michael"]
[Result "0-1"]
[ECO "C55"]
[WhiteElo "2348"]
[BlackElo "2437"]
[Annotator "TA"]
[PlyCount "66"]
[EventDate "2022.07.01"]
[EventType "tourn"]
[EventCountry "SWE"]
[SourceTitle "playchess.com"]
[Source "ChessBase"]
[SourceQuality "1"]
[TimeControl "40/5400+30:1800+30"]

1. e4 e5 2. Nf3 Nc6 3. Bc4 Bc5 4. c3 Nf6 5. d3 O-O 6. O-O d5 7. exd5 Nxd5 8. Re1 Bg4 9. h3 Bh5 10. Nbd2 Nb6 11. Bb5 {[%emt 0:01:43] 11.Bb3 is the hot move.} Bd6 12. Ne4 {[%emt 0:06:55] C55: Two Knights: 4 d3, 4 d4 exd4 5 e5 and Max Lange Attack.} f5 13. Ng3 Bxf3 14. Qxf3 {[%emt 0:00:38] The position is equal.} Qd7 $1 15. Bxc6 bxc6 16. Bd2 (16. Qd1 $11) 16... Rae8 (16... e4 $1 $15 17. Qd1 exd3) 17. Rad1 {[%emt 0:01:46] [#]} Nd5 $146 ({Predecessor:} 17... Na4 18. Bc1 Nc5 19. Nf1 e4 20. dxe4 fxe4 21. Qg4 Qf7 22. Re2 Nd3 23. Be3 c5 {½-½ (45) Kofidis,A (2400)-Dervishi,E Katerini 1993}) 18. Bc1 Qf7 19. Nf1 Qg6 20. Ne3 e4 21. dxe4 fxe4 22. Qg4 {[%emt 0:00:44] [#]} (22. Qe2 $2 Nf4 23. Qg4 (23. Qc4+ $2 Kh8 $19) 23... Qf7 $19) 22... Qf7 {[%emt 0:01:35] Black is much more active.} 23. Rf1 {[%emt 0:02:16] White does not recover from this.} (23. Qe2 $1 $15) 23... Nf4 $19 {[%emt 0:03:19] White must now prevent ...h5.} 24. Rd4 $2 (24. Nc2 Nd3 25. b3) 24... h5 25. Qd1 Qg6 {[%emt 0:00:28] Strongly threatening ...Nxh3+.} ({Stronger than} 25... Qxa2 26. g3 Nd3 27. Qxh5 $15) 26. Kh1 {[%emt 0:04:59] [#]} Nxh3 $1 27. Rxd6 ({But not} 27. gxh3 Rf3 28. Qxf3 (28. Qb3+ {gets mated.} Kh7 29. Ng2 Rxh3+ 30. Kg1 Rh2) 28... exf3 29. Rxd6 cxd6) (27. Qe2 Nf4) 27... cxd6 28. gxh3 Rf3 29. Kh2 Qe6 30. Ng2 Qxh3+ 31. Kg1 Re6 32. Qb3 Kh7 {[%emt 0:01:37] ( -> ...Rg6)} 33. Nf4 {[%emt 0:06:57] [#] Against Rg6+} Rg6+ $1 {[%emt 0:01:17][%mdl 512] Weighted Error Value: White=0.89/Black=0.06 (flawless)} 0-1

[Event "Swedish-ch MK-Elit 2022"]
[Site "Uppsala"]
[Date "2022.07.05"]
[Round "4.2"]
[White "Johansson, Jan"]
[Black "Engqvist, Thomas"]
[Result "1-0"]
[ECO "E12"]
[WhiteElo "2306"]
[BlackElo "2330"]
[Annotator "TA"]
[PlyCount "93"]
[EventDate "2022.07.01"]
[EventType "tourn"]
[EventCountry "SWE"]
[SourceTitle "playchess.com"]
[Source "ChessBase"]
[SourceQuality "1"]
[TimeControl "40/5400+30:1800+30"]

1. d4 Nf6 2. Nf3 e6 3. c4 b6 4. Bg5 Bb7 5. e3 Be7 6. Nc3 Ne4 7. Nxe4 {[%emt 0:08:58] E12: Queen's Indian: Unusual White 4th moves, 4 a3, 4 Nc3 Bb7 5 a3 and 4 Nc3 Bb7 .} Bxe4 8. Nd2 {[%emt 0:00:21] [#] Bxe7 is the strong threat.} Bb7 9. Bf4 d6 {[%emt 0:03:35] [#]} 10. Be2 $146 ({Predecessor:} 10. Qg4 g5 11. d5 h5 12. Qf3 gxf4 13. Qxf4 Bg5 14. Qe4 Nd7 15. f4 Bh4+ 16. g3 Bf6 17. Rb1 Nc5 18. Qf3 a5 {0-1 (18) Tsalko,V (1950)-Volkov,A (2095) Omsk 2009}) 10... Nd7 11. Bf3 Bxf3 12. Nxf3 Bf6 13. Qa4 O-O 14. O-O Re8 15. Qc6 a5 16. Bg3 Rc8 17. a3 Ra8 18. Rfd1 a4 19. Rac1 Ra5 20. Rc2 Nb8 21. Qe4 Nd7 22. Qg4 h5 23. Qe4 e5 24. dxe5 Nxe5 25. Bxe5 Bxe5 26. Qc6 Bf6 27. Rd5 Qa8 $1 28. Qd7 Re7 {[%emt 0:06:10] [#]} (28... Qd8 $11 29. Qc6 Qa8 30. Qxc7 Rxd5 31. cxd5 Qxd5) 29. Qf5 {[%emt 0:03:03] White is more active.} ({White should play} 29. Rxa5 $1 $16 bxa5 30. Qxa4) 29... h4 $11 30. g4 hxg3 31. hxg3 Be5 32. Rxa5 bxa5 33. c5 g6 34. Qg4 dxc5 35. Nd2 Qc6 36. Nc4 Bd6 37. Rd2 Kg7 38. Nxa5 Qb5 39. Nc4 Re6 40. Qe2 Be7 41. Qd3 Bf6 {[%emt 0:01:11] The position is equal.} 42. Qd5 Re7 43. Kg2 Re8 44. Qd7 Qb7+ 45. Qd5 Qb5 46. Qd7 Qb7+ 47. Qd5 {[%emt 0:00:08][%mdl 32768] A balanced but interesting game.  Weighted Error Value: White=0.07 (flawless) /Black=0.08 (flawless) . Loss on time!?} 1-0

[Event "Swedish-ch MK-Elit 2022"]
[Site "Uppsala"]
[Date "2022.07.05"]
[Round "4.3"]
[White "Ernst, Thomas"]
[Black "Andersson, Tommy"]
[Result "1-0"]
[ECO "D58"]
[WhiteElo "2289"]
[BlackElo "2384"]
[Annotator "TA"]
[PlyCount "165"]
[EventDate "2022.07.01"]
[EventType "tourn"]
[EventCountry "SWE"]
[SourceTitle "playchess.com"]
[Source "ChessBase"]
[SourceQuality "1"]
[TimeControl "40/5400+30:1800+30"]

1. d4 {[%emt 0:00:05] ChessBase} Nf6 2. c4 e6 3. Nc3 d5 4. Bg5 Be7 5. e3 O-O 6. Nf3 h6 7. Bh4 b6 8. Qc2 Bb7 9. Bxf6 Bxf6 10. cxd5 exd5 11. g4 c5 12. O-O-O cxd4 {[%emt 0:04:38] D58: Queen's Gambit Declined: Tartakower Defence.} 13. exd4 Bc8 {[%emt 0:22:31] A strong pair of Bishops.} 14. Rg1 ({But not} 14. Ne5 Bxe5 15. dxe5 Bxg4 $15) 14... Be6 {[%emt 0:00:26] [#] The position is equal.} 15. Bd3 $146 (15. Kb1 $142) ({Predecessor:} 15. Qd2 Nc6 16. Bb5 Rc8 17. h4 Bxh4 18. g5 Bxg5 19. Nxg5 hxg5 20. Rxg5 Qf6 21. f4 {0-1 (57) Veresov,G-Makogonov,V Moscow 1940 URS-ch [ChessBase]}) 15... Nc6 $11 16. Bf5 Qd6 17. Kb1 Nb4 18. Qd2 Bxf5+ $1 19. gxf5 {[%emt 0:00:12] Hoping for Qxh6.} Kh7 20. Rg4 Nc6 {[%emt 0:02:25] Against Ne5} 21. Rdg1 Rae8 22. Ka1 a6 23. h4 b5 24. Qd3 (24. Qf4 $142 Qxf4 25. Rxf4) 24... Kh8 $1 $17 25. Ne2 Nb4 (25... Rc8 $17 26. Kb1 Nb4) 26. Qd2 $15 Re4 {[%emt 0:01:37] Against Ne5} 27. Ne5 $1 Rxg4 ({Don't do} 27... Bxe5 28. dxe5 Qxe5 29. Rxg7 $1 Qxg7 30. Rxg7 Kxg7 31. a3 $16) 28. Nxg4 Nc6 (28... Bxh4 $2 29. Rh1 Rc8 30. Rxh4 $18) 29. Nxh6 Qb4 30. Qxb4 Nxb4 31. Ng4 Nc2+ (31... Re8 $1 $11 32. Nc3 Bxd4) 32. Kb1 $16 Nxd4 33. Nxd4 Bxd4 {[%emt 0:00:02][%mdl 4096] Endgame KRB-KRN} 34. Rd1 Bb6 35. Rxd5 Re8 36. Rd6 Bc5 37. Rxa6 b4 (37... Re1+ $16 38. Kc2 Bxf2) 38. Rc6 $18 Be7 39. h5 Bf8 40. h6 gxh6 41. Nxh6 Re1+ 42. Kc2 Re2+ {[%emt 0:00:10] [#]} 43. Kb3 $1 Rxf2 44. Nxf7+ Kg7 $2 (44... Kg8 {was necessary.}) 45. Ng5 Be7 46. Ne6+ (46. Rc7 $142 Re2 {[#]} 47. Nh7 $1 Kxh7 48. f6 Re3+ 49. Kc4) 46... Kf7 47. Nd4 {[%emt 0:00:00] Inhibits Rf3+.} Bf6 48. Rc7+ Ke8 49. Rc4 Rd2 50. Nc2 Rd3+ (50... Rf2 $142 51. Rxb4 Rxf5) 51. Kxb4 Bxb2 52. a4 Bf6 53. Rf4 (53. Re4+ $142 Kd7 54. a5) 53... Kd7 (53... Rd5 $142 54. Ne3 Be7+ 55. Kc3 Rc5+ 56. Kb3 Kf7) 54. Kb5 {[%emt 0:00:00] aiming for Nb4.} Rd5+ 55. Kc4 Rd1 {[%emt 0:00:22] A mistake that costs the game.} (55... Ra5 $16 {might work better.}) 56. Nb4 Kd6 $2 (56... Be5) 57. a5 Rc1+ 58. Kb5 Rc5+ 59. Ka4 Rc1 60. Rf3 Rb1 61. Kb5 Kc7 62. Rf4 Kb7 63. Rc4 {[%emt 0:05:09] Black must now prevent a6+.} Be5 64. a6+ Kb8 $2 (64... Ka7 $18 65. Kc6 Bb2) 65. Kb6 {[%emt 0:02:12] White mates.} Bc7+ 66. Rxc7 Rxb4+ {[%emt 0:00:05] KR-KR} 67. Ka5 Rf4 68. Rf7 Rf1 69. Kb6 Rb1+ 70. Kc5 Ra1 71. Rf6 Ka7 72. Kd5 Rf1 73. Ke5 Re1+ 74. Kf4 Rf1+ 75. Kg5 Rg1+ 76. Kh6 Rf1 77. Kg7 Rf2 78. Rf8 Rg2+ 79. Kf7 Kxa6 80. Rb8 Rf2 81. f6 Rf3 82. Kg7 Ka7 83. Rb1 {[%emt 0:00:19] Weighted Error Value: White=0.23 (precise) /Black=0.38} (83. Rb5 $142 Rg3+ 84. Kf8 Ka6 85. Rf5 Rb3 86. f7 Rc3 87. Kg7 Rc7 88. Kg8) 1-0

[Event "Swedish-ch MK-Elit 2022"]
[Site "Uppsala"]
[Date "2022.07.05"]
[Round "4.4"]
[White "Thorn, Eric"]
[Black "Trost, Edvin"]
[Result "0-1"]
[ECO "E92"]
[WhiteElo "2366"]
[BlackElo "2345"]
[Annotator "TA"]
[PlyCount "60"]
[EventDate "2022.07.01"]
[EventType "tourn"]
[EventCountry "SWE"]
[SourceTitle "playchess.com"]
[Source "ChessBase"]
[SourceQuality "1"]
[TimeControl "40/5400+30:1800+30"]

1. d4 Nf6 2. c4 g6 3. Nc3 Bg7 4. e4 d6 5. Be2 O-O 6. Nf3 e5 7. d5 a5 8. Bg5 h6 9. Be3 Ng4 {[%emt 0:01:16] E92: King's Indian: Classical: 6 Be2 e5: 7 dxe5, 7 Be3 and Petrosian System without 7...Nbd7.} 10. Bd2 {[%emt 0:00:26] 10.Bd2 scores better than 10.Bc1.} f5 11. h3 Nf6 {[%emt 0:00:18] White has an edge.} 12. exf5 gxf5 13. g4 fxg4 14. hxg4 Nxg4 {[%emt 0:00:28][%cal Oe5e4] White must now prevent ...e4!} 15. Ne4 {[%emt 0:00:23] Strongly threatening Nh4.} Bf5 16. Bd3 {[%emt 0:02:41] [#] aiming for Qe2.} Nd7 {[%emt 0:12:22] [#]} 17. Qc2 $146 ({Predecessor:} 17. Rg1 Ndf6 18. Qe2 Nxe4 19. Bxe4 Qf6 20. Bxf5 Qxf5 21. Nh4 Qxf2+ 22. Qxf2 Nxf2 23. Bxh6 {½-½ (84) Heimann,A (2601)-Warmerdam,M (2422) Germany 2018}) 17... c6 18. O-O-O (18. dxc6 $14 {keeps the upper hand.} bxc6 19. Nh4 (19. Nxd6 $2 Bxd3 20. Qxd3 Nc5 $19)) 18... cxd5 $17 19. cxd5 {[%emt 0:00:06] White does not recover from this.} (19. Nxd6 $15 e4 20. Nxf5 Rxf5 21. Rdg1) 19... Rc8 $19 20. Bc3 b5 21. Nh4 $2 ({Don't blunder} 21. Nxd6 $2 Bxd3 22. Rxd3 Nc5 23. Nxc8 Nxd3+ 24. Qxd3 Nxf2 25. Qxb5 (25. Qg6 $2 Rf6 $19) 25... Nxh1) (21. Rhg1 {is tougher.} b4 22. Nxd6 Bxd3 23. Qxd3 (23. Rxd3 $2 Nc5 $19) 23... Nxf2 24. Qg6) 21... Bxe4 22. Bxe4 {[%emt 0:00:09] Threatens to win with Bh7+.} Rxf2 23. Qd3 b4 24. Bh7+ Kh8 25. Ng6+ Kxh7 26. Nxe5+ Kg8 27. Nxg4 Qg5+ 28. Kb1 {[%emt 0:07:00] [#]} bxc3 $1 29. Nxf2 c2+ 30. Ka1 c1=Q+ {[%emt 0:00:21] Weighted Error Value: White=1.33/Black=0.30} 0-1